[Event "8. Arber-Schachopen 2019"]
[Site "Bodenmais"]
[Date "2019.08.03"]
[Round "8.19"]
[White "Kasueschke, Lars"]
[Black "Pohl-Kuemmel, Jens-Uwe"]
[Result "1-0"]
[ECO "A15"]
[WhiteElo "1934"]
[BlackElo "2288"]
[Annotator "NA"]
[PlyCount "103"]
[EventDate "2019.07.27"]
[EventCountry "GER"]
[SourceTitle "playchess.com"]
[Source "ChessBase"]
[SourceQuality "1"]
[TimeControl "40/5400+30:1800+30"]

1. c4 Nf6 2. g3 g6 3. Bg2 Bg7 4. Nc3 O-O 5. d3 d6 6. Rb1 a5 7. a3 Nbd7 8. b4 axb4 9. axb4 e5 10. Nf3 Re8 11. Nd2 Nh5 12. Bb2 f5 13. Ra1 Rxa1 14. Qxa1 Ndf6 15. b5 Bh6 16. Nd5 Nxd5 17. Bxd5+ Kf8 18. Bc3 Nf6 19. Bg2 Kg8 20. Qb2 b6 21. O-O Be6 22. Ra1 Nd7 23. Bc6 Rf8 24. Ra8 Qxa8 25. Bxa8 Rxa8 26. Nb3 Bf7 27. Qc2 Bf8 28. Bb2 Ra7 29. f4 Bg7 30. e3 Ra2 31. Qb1 Ra4 32. Nd2 h6 33. Qc2 Ra8 34. fxe5 dxe5 35. d4 e4 36. Nb3 h5 37. c5 Ra2 38. c6 Nf6 39. Nd2 Ng4 40. Nc4 Bh6 41. Qc3 Bd5 42. h3 Nxe3 43. Nxe3 Bxe3+ 44. Qxe3 Rxb2 45. Qg5 Bf7 46. Qd8+ Kg7 47. Qxc7 Rxb5 48. Qe7 Rb1+ 49. Kf2 Rb2+ 50. Ke1 Rc2 51. c7 b5 52. Qd7 1-0

[Event "8. Arber-Schachopen 2019"]
[Site "Bodenmais"]
[Date "2019.08.03"]
[Round "8.20"]
[White "Vennemann, Juergen"]
[Black "Schmid, Wolfgang"]
[Result "1/2-1/2"]
[ECO "A51"]
[WhiteElo "1925"]
[BlackElo "2162"]
[Annotator "NA"]
[PlyCount "43"]
[EventDate "2019.07.27"]
[EventCountry "GER"]
[SourceTitle "playchess.com"]
[Source "ChessBase"]
[SourceQuality "1"]
[TimeControl "40/5400+30:1800+30"]

1. d4 Nf6 2. c4 e5 3. dxe5 Ne4 4. e3 Bb4+ 5. Nd2 Nc6 6. Ngf3 Qe7 7. a3 Bxd2+ 8. Nxd2 Nxd2 9. Bxd2 Nxe5 10. Be2 O-O 11. O-O d6 12. f4 Nd7 13. Bd3 f5 14. Rf3 Nc5 15. Bc2 Rf6 16. Bc3 Rg6 17. Qd4 Bd7 18. b4 Ne4 19. Bxe4 Qxe4 20. Qxe4 fxe4 21. Rf2 Bf5 22. Rd1 1/2-1/2

[Event "8. Arber-Schachopen 2019"]
[Site "Bodenmais"]
[Date "2019.08.03"]
[Round "8.21"]
[White "Zepke, Armin"]
[Black "Weisheit, Erik"]
[Result "0-1"]
[ECO "A45"]
[WhiteElo "2122"]
[BlackElo "1862"]
[Annotator "NA"]
[PlyCount "80"]
[EventDate "2019.07.27"]
[EventCountry "GER"]
[SourceTitle "playchess.com"]
[Source "ChessBase"]
[SourceQuality "1"]
[TimeControl "40/5400+30:1800+30"]

1. d4 Nf6 2. Bf4 e6 3. e3 b6 4. Nd2 c5 5. c3 Be7 6. h3 O-O 7. Ngf3 d5 8. Bd3 Ba6 9. Bxa6 Nxa6 10. O-O b5 11. Qe2 Qb6 12. e4 dxe4 13. Nxe4 cxd4 14. Nxd4 Nxe4 15. Qxe4 Nc5 16. Qe2 a6 17. Rad1 Bf6 18. Nb3 Na4 19. Rd6 Qc7 20. Rfd1 Qc4 21. Qd2 Nxb2 22. Qxb2 Qxf4 23. Rd7 Qc4 24. Na5 Qc5 25. Qb4 Qxc3 26. Qxc3 Bxc3 27. Nc6 g6 28. Rc7 Kg7 29. Rdd7 a5 30. Rb7 b4 31. h4 e5 32. g3 Ra6 33. Ne7 Rf6 34. Nd5 Rf3 35. Kg2 Rd3 36. Nxc3 Rxc3 37. Rd5 Ra3 38. Rxe5 Rxa2 39. Ra7 a4 40. Rea5 a3 0-1

[Event "8. Arber-Schachopen 2019"]
[Site "Bodenmais"]
[Date "2019.08.03"]
[Round "8.22"]
[White "Heiduk, Christoph"]
[Black "Fuchs, Michael"]
[Result "0-1"]
[ECO "A50"]
[WhiteElo "1870"]
[BlackElo "2114"]
[Annotator "NA"]
[PlyCount "22"]
[EventDate "2019.07.27"]
[EventCountry "GER"]
[SourceTitle "playchess.com"]
[Source "ChessBase"]
[SourceQuality "1"]
[TimeControl "40/5400+30:1800+30"]

1. d4 Nf6 2. c4 c6 3. Nc3 d5 4. cxd5 cxd5 5. Bf4 Nc6 6. e3 a6 7. Nf3 Nh5 8. Bg5 h6 9. Bh4 g5 10. Ne5 Nxe5 11. Qxh5 Bg4 0-1

[Event "8. Arber-Schachopen 2019"]
[Site "Bodenmais"]
[Date "2019.08.03"]
[Round "8.23"]
[White "Albrecht, Manuel"]
[Black "Titz, Heimo"]
[Result "1-0"]
[ECO "B44"]
[WhiteElo "1833"]
[BlackElo "2048"]
[Annotator "NA"]
[PlyCount "78"]
[EventDate "2019.07.27"]
[EventCountry "GER"]
[SourceTitle "playchess.com"]
[Source "ChessBase"]
[SourceQuality "1"]
[TimeControl "40/5400+30:1800+30"]

1. e4 c5 2. Nf3 e6 3. d4 cxd4 4. Nxd4 Nc6 5. Nxc6 bxc6 6. c4 Nf6 7. Nc3 d6 8. Bf4 e5 9. Bg5 Be7 10. Bxf6 Bxf6 11. Be2 O-O 12. O-O Qc7 13. Rc1 Rb8 14. b3 Rd8 15. Bg4 g6 16. Qe2 h5 17. Bxc8 Qxc8 18. Rcd1 Qe6 19. Rd3 Rd7 20. Rfd1 Bd8 21. Na4 Bb6 22. c5 Bc7 23. cxd6 Rxd6 24. Rxd6 Bxd6 25. Qc2 Ba3 26. Nc5 Qe7 27. Nd3 c5 28. Nb2 Bxb2 29. Qxb2 Rd8 30. Rd5 Rxd5 31. exd5 Qd6 32. Qd2 Kf8 33. f3 Ke7 34. Kf2 Qb6 35. Qg5+ Qf6 36. Qe3 Qd6 37. Qg5+ Kd7 38. Qd2 Qb6 39. Qe3 Kd6 1-0

[Event "8. Arber-Schachopen 2019"]
[Site "Bodenmais"]
[Date "2019.08.03"]
[Round "8.24"]
[White "Neiss, Josef Martin"]
[Black "Pfeifer, Wilfried"]
[Result "1-0"]
[ECO "A04"]
[WhiteElo "2041"]
[BlackElo "1916"]
[Annotator "NA"]
[PlyCount "101"]
[EventDate "2019.07.27"]
[EventCountry "GER"]
[SourceTitle "playchess.com"]
[Source "ChessBase"]
[SourceQuality "1"]
[TimeControl "40/5400+30:1800+30"]

1. Nf3 f5 2. d3 d6 3. e4 e5 4. Nc3 Nf6 5. Bg5 Be7 6. Bxf6 Bxf6 7. d4 O-O 8. Bc4+ Kh8 9. dxe5 dxe5 10. Qxd8 Rxd8 11. Nd5 Na6 12. O-O-O Be6 13. exf5 Bxf5 14. Bxa6 bxa6 15. Nxf6 gxf6 16. Rxd8+ Rxd8 17. Rd1 Rd6 18. Nd2 Kg7 19. Nc4 Rxd1+ 20. Kxd1 Be6 21. Ne3 Kf8 22. a3 a5 23. Kd2 Ke7 24. Kd3 a4 25. Ke4 Kd6 26. f4 exf4 27. Kxf4 Bc8 28. Ke4 Bd7 29. Kd4 c5+ 30. Ke4 Bc6+ 31. Kf5 Ke7 32. g3 Bd7+ 33. Ke4 Bc6+ 34. Kd3 Bb5+ 35. Ke4 Bc6+ 36. Kf4 Ke6 37. g4 Bb7 38. h4 Bc6 39. c4 Bd7 40. Nd1 Bc6 41. Nf2 Bg2 42. Nd3 Kd6 43. Kf5 Bf1 44. Nf4 Ke7 45. Nd5+ Kf7 46. Nxf6 Bxc4 47. Ne4 Bd3 48. Kf4 c4 49. Nc3 Bc2 50. Nb5 Ke6 51. Nd4+ 1-0

[Event "8. Arber-Schachopen 2019"]
[Site "Bodenmais"]
[Date "2019.08.03"]
[Round "8.25"]
[White "Kolb, Wolfgang"]
[Black "Meixner, Torsten"]
[Result "1-0"]
[ECO "A13"]
[WhiteElo "2099"]
[BlackElo "1881"]
[Annotator "NA"]
[PlyCount "75"]
[EventDate "2019.07.27"]
[EventCountry "GER"]
[SourceTitle "playchess.com"]
[Source "ChessBase"]
[SourceQuality "1"]
[TimeControl "40/5400+30:1800+30"]

1. c4 e6 2. Nf3 d5 3. b3 Nf6 4. g3 Be7 5. Bb2 c5 6. Bg2 d4 7. e3 Nc6 8. exd4 cxd4 9. d3 e5 10. O-O O-O 11. Re1 Bd6 12. Ba3 Re8 13. c5 Bf8 14. b4 a6 15. Nbd2 Bf5 16. Nc4 e4 17. dxe4 Nxe4 18. Nh4 Nc3 19. Qd2 Be6 20. Nb6 Rb8 21. f4 g6 22. Bxc6 bxc6 23. Nf3 Bg7 24. Ne5 Rxb6 25. cxb6 Qxb6 26. Nd3 Rd8 27. Nc5 Bh3 28. Re7 Rb8 29. Rae1 Kf8 30. Nd7+ Bxd7 31. Rxd7 Nd5 32. b5+ Kg8 33. bxc6 Qxc6 34. Rd6 Qb7 35. Qg2 Nb4 36. Qxb7 Rxb7 37. Rd8+ Bf8 38. Ree8 1-0

[Event "8. Arber-Schachopen 2019"]
[Site "Bodenmais"]
[Date "2019.08.03"]
[Round "8.26"]
[White "Brands, Kevin"]
[Black "Beulertz, Stefan"]
[Result "0-1"]
[ECO "B40"]
[WhiteElo "1799"]
[BlackElo "2033"]
[Annotator "NA"]
[PlyCount "102"]
[EventDate "2019.07.27"]
[EventCountry "GER"]
[SourceTitle "playchess.com"]
[Source "ChessBase"]
[SourceQuality "1"]
[TimeControl "40/5400+30:1800+30"]

1. e4 c5 2. Nf3 e6 3. d4 cxd4 4. Nxd4 Qb6 5. Nb3 Qc7 6. Nc3 a6 7. Be2 Nf6 8. O-O Bb4 9. Bf3 Nc6 10. Be3 Ne5 11. Bd4 Nc4 12. Bxf6 gxf6 13. Qd4 Be7 14. Rfe1 Ne5 15. Bh5 b5 16. f4 Nc4 17. Rad1 Qa7 18. Rd3 Qxd4+ 19. Nxd4 Nxb2 20. Rd2 Bb7 21. Kh1 Rc8 22. Nd1 Nc4 23. Rde2 Rg8 24. Bf3 Kf8 25. Ne3 Kg7 26. Rd1 Nxe3 27. Rxe3 d6 28. e5 Bxf3 29. Nxf3 Rgd8 30. exd6 Rxd6 31. Nd4 Kf8 32. Red3 Rcd8 33. h3 e5 34. Nc6 Rxd3 35. cxd3 Rd5 36. Nxe7 Kxe7 37. Re1 Ke6 38. fxe5 fxe5 39. Re3 f5 40. g4 f4 41. Rf3 b4 42. Kg2 a5 43. a3 Rd4 44. axb4 axb4 45. Rf2 Rxd3 46. Rb2 b3 47. h4 Rc3 48. Kf1 Rc1+ 49. Ke2 Rc2+ 50. Rxc2 bxc2 51. Kd2 f3 0-1

[Event "8. Arber-Schachopen 2019"]
[Site "Bodenmais"]
[Date "2019.08.04"]
[Round "9.1"]
[White "Poetz, Florian"]
[Black "Bogdanov, Egor"]
[Result "1/2-1/2"]
[ECO "C42"]
[WhiteElo "2389"]
[BlackElo "2407"]
[Annotator "NA"]
[PlyCount "25"]
[EventDate "2019.07.27"]
[EventCountry "GER"]
[SourceTitle "playchess.com"]
[Source "ChessBase"]
[SourceQuality "1"]
[TimeControl "40/5400+30:1800+30"]

1. e4 e5 2. Nf3 Nf6 3. Nxe5 d6 4. Nf3 Nxe4 5. Nc3 Nxc3 6. dxc3 Be7 7. Be3 Nc6 8. Qd2 Be6 9. O-O-O Qd7 10. Kb1 a6 11. h3 h6 12. g4 O-O-O 13. Nd4 1/2-1/2

[Event "8. Arber-Schachopen 2019"]
[Site "Bodenmais"]
[Date "2019.08.04"]
[Round "9.2"]
[White "Hoffmann, Michael"]
[Black "Delchev, Aleksander"]
[Result "1/2-1/2"]
[ECO "A21"]
[WhiteElo "2438"]
[BlackElo "2571"]
[Annotator "ChessBase"]
[PlyCount "31"]
[EventDate "2019.07.27"]
[EventCountry "GER"]
[SourceTitle "playchess.com"]
[Source "ChessBase"]
[SourceQuality "1"]
[TimeControl "40/5400+30:1800+30"]

1. c4 e5 2. Nc3 Bb4 3. Nd5 Bc5 4. b4 Bf8 5. Bb2 c6 6. Ne3 d6 7. Qc2 Nf6 8. g3 Ng4 9. Nxg4 Bxg4 10. Bg2 Be7 11. Nf3 Bf6 12. O-O O-O 13. h3 Bh5 14. e3 d5 15. d3 Re8 16. Rac1 1/2-1/2

[Event "8. Arber-Schachopen 2019"]
[Site "Bodenmais"]
[Date "2019.08.04"]
[Round "9.3"]
[White "Mirzoev, Emil"]
[Black "Hopman, Pieter"]
[Result "1/2-1/2"]
[ECO "A21"]
[WhiteElo "2493"]
[BlackElo "2347"]
[Annotator "ChessBase"]
[PlyCount "23"]
[EventDate "2019.07.27"]
[EventCountry "GER"]
[SourceTitle "playchess.com"]
[Source "ChessBase"]
[SourceQuality "1"]
[TimeControl "40/5400+30:1800+30"]

1. c4 e5 2. Nc3 Bb4 3. Qc2 Nf6 4. Nf3 Nc6 5. e3 O-O 6. Nd5 Re8 7. a3 Bf8 8. Qf5 Nxd5 9. cxd5 d6 10. Qc2 Ne7 11. Bc4 g6 12. b4 1/2-1/2

[Event "8. Arber-Schachopen 2019"]
[Site "Bodenmais"]
[Date "2019.08.04"]
[Round "9.4"]
[White "Hausner, Ivan"]
[Black "Milov, Leonid"]
[Result "1/2-1/2"]
[ECO "B40"]
[WhiteElo "2370"]
[BlackElo "2472"]
[Annotator "ChessBase"]
[PlyCount "102"]
[EventDate "2019.07.27"]
[EventCountry "GER"]
[SourceTitle "playchess.com"]
[Source "ChessBase"]
[SourceQuality "1"]
[TimeControl "40/5400+30:1800+30"]

1. e4 c5 2. Nf3 e6 3. b3 a6 4. Bb2 Nc6 5. Nc3 d6 6. d4 cxd4 7. Nxd4 Bd7 8. g3 Nf6 9. Bg2 Rc8 10. O-O Be7 11. Nce2 b5 12. Rc1 O-O 13. Qd2 Nxd4 14. Nxd4 Qb6 15. Bc3 Bd8 16. Rfd1 a5 17. Bb2 Be7 18. Qe2 Rfd8 19. c4 bxc4 20. bxc4 Ba4 21. Re1 Nd7 22. Nb5 Ne5 23. Bd4 Qa6 24. Bf1 Bf6 25. Kg2 Qa8 26. Qb2 Bxb5 27. cxb5 Rxc1 28. Qxc1 Nf3 29. Kxf3 Bxd4 30. Qc6 Qb8 31. Rc1 Bb6 32. a4 g6 33. Kg2 Qa7 34. Rc2 Kg7 35. Qc3+ Kg8 36. Qf6 Re8 37. Rc6 Bd4 38. Qf3 Rd8 39. Bc4 Kg7 40. Bb3 Rd7 41. Qe2 Rd8 42. Qd2 Rd7 43. Rc8 Bf6 44. Qc2 Bd4 45. h4 h5 46. Qd2 Bf6 47. Rc6 Qd4 48. Qxd4 Bxd4 49. Kf3 Kf6 50. Ke2 Ke7 51. Ra6 Ra7 1/2-1/2

[Event "8. Arber-Schachopen 2019"]
[Site "Bodenmais"]
[Date "2019.08.04"]
[Round "9.5"]
[White "Kottmair, Toni"]
[Black "Peng, Li Min"]
[Result "0-1"]
[ECO "A09"]
[WhiteElo "2086"]
[BlackElo "2466"]
[Annotator "ChessBase"]
[PlyCount "62"]
[EventDate "2019.07.27"]
[EventCountry "GER"]
[SourceTitle "playchess.com"]
[Source "ChessBase"]
[SourceQuality "1"]
[TimeControl "40/5400+30:1800+30"]

1. Nf3 d5 2. c4 d4 3. e3 c5 4. b4 f6 5. exd4 cxd4 6. Bd3 e5 7. a3 a5 8. O-O axb4 9. Re1 Nc6 10. Be4 Bc5 11. Nh4 Be6 12. d3 Nge7 13. f4 O-O 14. f5 Bd7 15. Bb2 Qb6 16. Rf1 bxa3 17. Bxa3 Nb4 18. Nd2 Nxd3 19. Bxd3 Rxa3 20. Rxa3 Bxa3 21. c5 Bxc5 22. Bc4+ Kh8 23. Rf3 Ra8 24. Rh3 d3+ 25. Kf1 Be3 26. Bxd3 Bxd2 27. Qxd2 Ra1+ 28. Ke2 Qg1 29. Kf3 Bc6+ 30. Kg4 Qd4+ 31. Kg3 Ra3 0-1

[Event "8. Arber-Schachopen 2019"]
[Site "Bodenmais"]
[Date "2019.08.04"]
[Round "9.6"]
[White "Bensch, Patrick"]
[Black "Kasueschke, Lars"]
[Result "1-0"]
[ECO "B90"]
[WhiteElo "2197"]
[BlackElo "1934"]
[Annotator "NA"]
[PlyCount "63"]
[EventDate "2019.07.27"]
[EventCountry "GER"]
[SourceTitle "playchess.com"]
[Source "ChessBase"]
[SourceQuality "1"]
[TimeControl "40/5400+30:1800+30"]

1. e4 c5 2. Nf3 d6 3. d4 cxd4 4. Nxd4 Nf6 5. Nc3 a6 6. f3 e5 7. Nb3 Be6 8. Be3 h5 9. Qd2 Be7 10. Nd5 Bxd5 11. exd5 Nbd7 12. c4 a5 13. Rc1 a4 14. Na1 e4 15. f4 Ng4 16. Bd4 Bf6 17. Nc2 O-O 18. Be2 Bxd4 19. Qxd4 Nc5 20. O-O Qh4 21. h3 Nf6 22. Ne3 g6 23. g3 Qxg3+ 24. Ng2 Nxd5 25. cxd5 Qxh3 26. Rc3 Qd7 27. f5 Kh7 28. Rh3 f6 29. fxg6+ Kxg6 30. Nf4+ Kf7 31. Bxh5+ Ke7 32. Ng6+ 1-0

[Event "8. Arber-Schachopen 2019"]
[Site "Bodenmais"]
[Date "2019.08.04"]
[Round "9.7"]
[White "Vuckovic, Zarko"]
[Black "Sergeev, Vladimir"]
[Result "1/2-1/2"]
[ECO "B00"]
[WhiteElo "2214"]
[BlackElo "2415"]
[Annotator "ChessBase"]
[PlyCount "116"]
[EventDate "2019.07.27"]
[EventCountry "GER"]
[SourceTitle "playchess.com"]
[Source "ChessBase"]
[SourceQuality "1"]
[TimeControl "40/5400+30:1800+30"]

1. e4 d6 2. d4 g6 3. Nc3 c6 4. Be3 Qb6 5. d5 c5 6. Bb5+ Bd7 7. a4 Bg7 8. Nge2 Bxb5 9. axb5 Nf6 10. h3 Nbd7 11. O-O O-O 12. f4 a6 13. e5 dxe5 14. fxe5 Nxe5 15. b4 axb5 16. Bxc5 Rxa1 17. Bxb6 Rxd1 18. Rxd1 Nfd7 19. Bc7 Nc4 20. Nxb5 Rc8 21. Rd3 Nd6 22. Bxd6 exd6 23. c3 Be5 24. Ned4 Nf6 25. Nf3 Bg3 26. Nd2 Be5 27. g3 Kf8 28. Kg2 Ke7 29. Kf3 h5 30. c4 Nd7 31. Ra3 Nb6 32. Ra7 Nxc4 33. Rxb7+ Kf8 34. Ne4 f5 35. Ng5 Ra8 36. g4 hxg4+ 37. hxg4 fxg4+ 38. Kxg4 Ne3+ 39. Kh4 Nxd5 40. Ne6+ Kg8 41. Kg5 Ra1 42. Kxg6 Rg1+ 43. Kf5 Rf1+ 44. Ke4 Nxb4 45. Nbc7 Na2 46. Nd5 Nc3+ 47. Nxc3 Bxc3 48. Nf4 Kf8 49. Ne6+ Ke8 50. Nc7+ Kf8 51. Ne6+ Kg8 52. Rd7 Be5 53. Nc7 Rf2 54. Nb5 Rd2 55. Kf5 Bh2 56. Nxd6 Bxd6 57. Ke6 Bf4 58. Rxd2 Bxd2 1/2-1/2

[Event "8. Arber-Schachopen 2019"]
[Site "Bodenmais"]
[Date "2019.08.04"]
[Round "9.8"]
[White "Medunova, Vera"]
[Black "Pap, Misa"]
[Result "1-0"]
[ECO "C36"]
[WhiteElo "2093"]
[BlackElo "2461"]
[Annotator "ChessBase"]
[PlyCount "81"]
[EventDate "2019.07.27"]
[EventCountry "GER"]
[SourceTitle "playchess.com"]
[Source "ChessBase"]
[SourceQuality "1"]
[TimeControl "40/5400+30:1800+30"]

1. e4 e5 2. f4 d5 3. exd5 exf4 4. Nf3 Nf6 5. Bc4 Nxd5 6. Qe2+ Be7 7. O-O Be6 8. d4 O-O 9. Nc3 Nxc3 10. bxc3 Bxc4 11. Qxc4 Bd6 12. Qb5 Nd7 13. Qxb7 h6 14. c4 g5 15. Qd5 Re8 16. Qf5 Re6 17. Bd2 Rg6 18. c5 Bf8 19. c3 Rf6 20. Qg4 Rg6 21. Qf5 Bg7 22. Kh1 Rf6 23. Qg4 Ra6 24. h4 Nf6 25. Qf5 Nh5 26. Be1 Rg6 27. Kg1 Bf6 28. Qg4 Ng3 29. Bxg3 fxg3 30. h5 Rg7 31. Rae1 Qc8 32. Qxg3 g4 33. Ne5 Qd8 34. Qf4 Bxe5 35. Rxe5 Qd7 36. Qxh6 f5 37. Rfxf5 Re8 38. Rg5 Rxe5 39. Rxg7+ Qxg7 40. Qxg7+ Kxg7 41. dxe5 1-0

[Event "8. Arber-Schachopen 2019"]
[Site "Bodenmais"]
[Date "2019.08.04"]
[Round "9.9"]
[White "Rotstein, Arkadij"]
[Black "Danninger, Jannik"]
[Result "1-0"]
[ECO "A28"]
[WhiteElo "2471"]
[BlackElo "1842"]
[Annotator "ChessBase"]
[PlyCount "94"]
[EventDate "2019.07.27"]
[EventCountry "GER"]
[SourceTitle "playchess.com"]
[Source "ChessBase"]
[SourceQuality "1"]
[TimeControl "40/5400+30:1800+30"]

1. c4 e5 2. Nc3 Nf6 3. Nf3 Nc6 4. a3 d5 5. cxd5 Nxd5 6. e3 a6 7. Qc2 f5 8. Nxd5 Qxd5 9. Bc4 Qd8 10. d3 Be7 11. b4 Bf6 12. Bb2 Qe7 13. Bd5 Nd8 14. O-O c6 15. Bb3 Be6 16. e4 f4 17. d4 Bxb3 18. Qxb3 Nf7 19. dxe5 Nxe5 20. Bxe5 Bxe5 21. Rad1 Bc7 22. a4 Rd8 23. b5 axb5 24. axb5 Qf7 25. Rxd8+ Bxd8 26. Qxf7+ Kxf7 27. bxc6 bxc6 28. Ne5+ Kf6 29. Nxc6 Bb6 30. Rb1 Bc5 31. Rb5 Ra8 32. Na5 Bd6 33. Kf1 h6 34. Nc4 Bc7 35. Ke2 Rd8 36. Rc5 Rd7 37. h4 g6 38. h5 g5 39. Rc6+ Kg7 40. Kf3 Re7 41. Kg4 Be5 42. f3 Bb8 43. Nb6 Rf7 44. Nd5 Be5 45. Re6 Bd4 46. e5 Rd7 47. Rg6+ Kf7 1-0

[Event "8. Arber-Schachopen 2019"]
[Site "Bodenmais"]
[Date "2019.08.04"]
[Round "9.10"]
[White "Kleibel, Uwe"]
[Black "Schleining, Zoya"]
[Result "0-1"]
[ECO "B40"]
[WhiteElo "2217"]
[BlackElo "2339"]
[Annotator "NA"]
[PlyCount "90"]
[EventDate "2019.07.27"]
[EventCountry "GER"]
[SourceTitle "playchess.com"]
[Source "ChessBase"]
[SourceQuality "1"]
[TimeControl "40/5400+30:1800+30"]

1. e4 c5 2. Nf3 e6 3. g3 Nc6 4. Bg2 Nf6 5. Qe2 e5 6. Nc3 d6 7. O-O Be7 8. Nd5 Nxd5 9. exd5 Nd4 10. Nxd4 cxd4 11. c4 O-O 12. d3 Bd7 13. Bd2 a5 14. b3 Ra6 15. a3 Re8 16. b4 axb4 17. axb4 Qa8 18. Rab1 Ra2 19. h4 Qa4 20. Rfc1 b6 21. Qe1 Bf8 22. Bf3 Qa3 23. Be2 Ra8 24. b5 Qa7 25. Bd1 Qc7 26. Bb3 R2a7 27. Ra1 Bf5 28. Rxa7 Qxa7 29. Qe2 h5 30. Bb4 Qb8 31. Rd1 Bg4 32. f3 Bf5 33. Qb2 Ra7 34. Bc2 Qa8 35. Bb3 Qd8 36. Kf2 g5 37. hxg5 Qxg5 38. Qe2 Qg6 39. g4 hxg4 40. Rg1 Bxd3 41. Qd1 Bf5 42. fxg4 Be4 43. g5 Qf5+ 44. Ke1 Bf3 45. Qc1 Qd3 0-1

[Event "8. Arber-Schachopen 2019"]
[Site "Bodenmais"]
[Date "2019.08.04"]
[Round "9.11"]
[White "Woelk, Tom-Frederic"]
[Black "Neiss, Josef Martin"]
[Result "1-0"]
[ECO "A52"]
[WhiteElo "2229"]
[BlackElo "2041"]
[Annotator "ChessBase"]
[PlyCount "131"]
[EventDate "2019.07.27"]
[EventCountry "GER"]
[SourceTitle "playchess.com"]
[Source "ChessBase"]
[SourceQuality "1"]
[TimeControl "40/5400+30:1800+30"]

1. d4 Nf6 2. c4 e5 3. dxe5 Ng4 4. Bf4 Nc6 5. Nf3 Bb4+ 6. Nc3 Bxc3+ 7. bxc3 Qe7 8. Qd5 f6 9. exf6 Nxf6 10. Qd3 d6 11. g3 b6 12. Bg2 Bb7 13. O-O O-O-O 14. Nd4 Ne5 15. Bxe5 dxe5 16. Bxb7+ Kxb7 17. Qf3+ e4 18. Qf5 c5 19. Ne6 Rd6 20. Nf4 Rhd8 21. Rab1 Ka6 22. Ng2 Rd2 23. a4 Qd7 24. Qg5 h6 25. Qg6 Qg4 26. Qxg4 Nxg4 27. a5 Rxe2 28. axb6 axb6 29. Nf4 Ra2 30. Nd5 Rd6 31. Rbe1 Nf6 32. Nxf6 Rxf6 33. Rxe4 Rf3 34. Re8 Rf7 35. f4 Ra4 36. Re4 Rd7 37. f5 h5 38. Kg2 Ra3 39. Rf3 Rd2+ 40. Kh3 Raa2 41. Kh4 Rxh2+ 42. Kg5 Rag2 43. Rh4 Rxh4 44. Kxh4 Rh2+ 45. Kg5 Rh3 46. Kf4 b5 47. Re3 h4 48. g4 Rxe3 49. cxb5+ Kxb5 50. Kxe3 h3 51. Kf3 h2 52. Kg2 Kc4 53. Kxh2 Kxc3 54. g5 Kd2 55. f6 gxf6 56. g6 c4 57. g7 c3 58. g8=Q c2 59. Qd5+ Kc1 60. Kg2 f5 61. Kf1 f4 62. Ke1 f3 63. Qxf3 Kb1 64. Qb3+ Ka1 65. Qa3+ Kb1 66. Kd2 1-0

[Event "8. Arber-Schachopen 2019"]
[Site "Bodenmais"]
[Date "2019.08.04"]
[Round "9.12"]
[White "Van der Meiden, Dirk"]
[Black "Senner, Peter"]
[Result "1/2-1/2"]
[ECO "B06"]
[WhiteElo "1992"]
[BlackElo "2231"]
[Annotator "ChessBase"]
[PlyCount "83"]
[EventDate "2019.07.27"]
[EventCountry "GER"]
[SourceTitle "playchess.com"]
[Source "ChessBase"]
[SourceQuality "1"]
[TimeControl "40/5400+30:1800+30"]

1. e4 g6 2. d4 Bg7 3. Nc3 d6 4. Nf3 a6 5. a4 b6 6. Be3 e6 7. d5 c5 8. dxc6 Nxc6 9. Nd4 Nge7 10. Qd2 Qc7 11. Rd1 Nb4 12. Ncb5 Nxc2+ 13. Nxc2 axb5 14. Bxb5+ Bd7 15. Nd4 d5 16. Rc1 Qd6 17. b3 O-O 18. Bxd7 Qxd7 19. Nb5 Rfc8 20. O-O Qd8 21. Qb4 dxe4 22. Bg5 f6 23. Qxe4 Qd5 24. Qxd5 Nxd5 25. Rxc8+ Rxc8 26. Rc1 Rxc1+ 27. Bxc1 Bf8 28. Kf1 Kf7 29. Ke2 e5 30. f3 Ke6 31. Bd2 f5 32. Kd3 Bc5 33. Kc4 e4 34. fxe4 fxe4 35. Nd4+ Ke5 36. Ne2 Bf2 37. Bc3+ Nxc3 38. Kxc3 Kd5 39. Nf4+ Ke5 40. Ne2 Kd5 41. Nf4+ Ke5 42. Ne2 1/2-1/2

[Event "8. Arber-Schachopen 2019"]
[Site "Bodenmais"]
[Date "2019.08.04"]
[Round "9.13"]
[White "Beulertz, Stefan"]
[Black "Hoffmann, Sebastian"]
[Result "1/2-1/2"]
[ECO "B30"]
[WhiteElo "2033"]
[BlackElo "2199"]
[Annotator "NA"]
[PlyCount "162"]
[EventDate "2019.07.27"]
[EventCountry "GER"]
[SourceTitle "playchess.com"]
[Source "ChessBase"]
[SourceQuality "1"]
[TimeControl "40/5400+30:1800+30"]

1. e4 c5 2. Nf3 Nc6 3. c3 d5 4. exd5 Qxd5 5. Na3 e5 6. Bc4 Qe4+ 7. Be2 Qf5 8. d3 Be7 9. Nc4 Nf6 10. Qa4 Bd7 11. Nb6 Rd8 12. Nxd7 Rxd7 13. h3 O-O 14. O-O h6 15. Nh2 Qe6 16. Re1 Qd6 17. f4 Nd5 18. fxe5 Nxe5 19. Nf3 Bf6 20. Nxe5 Bxe5 21. Rf1 Re7 22. Bf3 Nb6 23. Qc2 Qg6 24. Qf2 Qd6 25. Be4 Nd5 26. Qf3 Rd8 27. Be3 Nf6 28. Rad1 b6 29. Kh1 Qe6 30. Bf5 Qxa2 31. d4 cxd4 32. cxd4 Bb8 33. Bxh6 gxh6 34. Bb1 Qe6 35. Qxf6 Qxf6 36. Rxf6 Rxd4 37. Rc1 Red7 38. Ba2 Be5 39. Rff1 Rd2 40. Rce1 Bxb2 41. Bb3 Kg7 42. Re3 Kf8 43. Re6 f6 44. Rfe1 Be5 45. Rf1 Re7 46. Rc6 Re8 47. Be6 Rd6 48. Rxd6 Bxd6 49. Rxf6+ Kg7 50. Rf7+ Kg6 51. Bc4 Rc8 52. Rd7 Rxc4 53. Rxd6+ Kg5 54. Kh2 Rb4 55. Rd5+ Kg6 56. Rd6+ Kf5 57. Rxh6 a5 58. g4+ Kf4 59. Rf6+ Kg5 60. Rf5+ Kg6 61. Kg3 a4 62. Rf8 Rb5 63. h4 a3 64. h5+ Kg7 65. Rf1 a2 66. Ra1 Ra5 67. Kf2 b5 68. Ke2 b4 69. Kd2 b3 70. Kc3 Rb5 71. Kb2 Kh6 72. Rh1 Rb7 73. Ka3 Rb6 74. Kb2 Kg5 75. Rg1 Rb4 76. Rg3 Ra4 77. Rg1 Rb4 78. Rg3 Kf4 79. Rg1 Kg5 80. Rg3 Kf4 81. Rg1 Kg5 1/2-1/2

[Event "8. Arber-Schachopen 2019"]
[Site "Bodenmais"]
[Date "2019.08.04"]
[Round "9.14"]
[White "Glaser, Max"]
[Black "Beck, Gerald"]
[Result "1/2-1/2"]
[ECO "B28"]
[WhiteElo "1949"]
[BlackElo "2176"]
[Annotator "NA"]
[PlyCount "38"]
[EventDate "2019.07.27"]
[EventCountry "GER"]
[SourceTitle "playchess.com"]
[Source "ChessBase"]
[SourceQuality "1"]
[TimeControl "40/5400+30:1800+30"]

1. e4 c5 2. Nf3 a6 3. Nc3 b5 4. d3 Nc6 5. Bf4 d6 6. h3 e5 7. Be3 Nge7 8. g4 Nd4 9. Bg2 Bb7 10. Bxd4 cxd4 11. Ne2 h5 12. g5 Ng6 13. O-O h4 14. a4 Be7 15. axb5 axb5 16. Qd2 O-O 17. c3 dxc3 18. bxc3 d5 19. Qe3 dxe4 1/2-1/2

[Event "8. Arber-Schachopen 2019"]
[Site "Bodenmais"]
[Date "2019.08.04"]
[Round "9.15"]
[White "Peglau, Charis"]
[Black "Schelle, Artur"]
[Result "0-1"]
[ECO "A10"]
[WhiteElo "1540"]
[BlackElo "2176"]
[Annotator "NA"]
[PlyCount "54"]
[EventDate "2019.07.27"]
[EventCountry "GER"]
[SourceTitle "playchess.com"]
[Source "ChessBase"]
[SourceQuality "1"]
[TimeControl "40/5400+30:1800+30"]

1. c4 f5 2. Nc3 Nf6 3. d4 d6 4. Bf4 g6 5. e3 Bg7 6. Nf3 O-O 7. Be2 Nc6 8. O-O Ne4 9. Nxe4 fxe4 10. Nd2 Nxd4 11. exd4 Rxf4 12. g3 Rf8 13. Nxe4 Bf5 14. Nc3 c6 15. Qd2 Qa5 16. Rad1 Rae8 17. Rfe1 Bc8 18. Bf1 Qh5 19. Bg2 Bg4 20. Ne2 Bh6 21. Qd3 e5 22. d5 c5 23. Ra1 Bf3 24. Nc3 Bxg2 25. Kxg2 Rxf2+ 26. Kxf2 Qxh2+ 27. Kf3 Rf8+ 0-1